 Dungeon Crawl Stone Soup version 0.31-a0-844-gdc52ec4e09 (webtiles) character file.

Game seed: 8219867782111276384

7 Shayle the Conjurer (level 1, 0/16 HPs)
             Began as a Demonspawn Reaver on Sept 29, 2023.
             Slain by a goblin
             ... wielding a +0 dagger of venom
              (3 damage)
             ... on level 1 of the Dungeon.
             The game lasted 00:00:16 (50 turns).

Shayle the Conjurer (Demonspawn Reaver)               Turns: 50, Time: 00:00:16

Health: 0/16       AC:  3    Str: 12    XL:     1   Next: 91%
Magic:  3/3        EV: 11    Int: 14    God:
Gold:   0          SH:  0    Dex: 11    Spells: 3/4 levels left

rFire   . . .        a - +0 spear
rCold   . . .        (no shield)
rNeg    . . .        b - +0 leather armour
rPois   .            (no helmet)
rElec   .            (no cloak)
rCorr   .            (no gloves)
SInv    .            (no boots)
Will    .....        (no amulet)
Stlth   +            (no ring)
HPRegen 0.22/turn    (no ring)
MPRegen 0.08/turn

%: no passive effects
@: lethally poisoned (0 -> -10)
A: no striking features
a: no special abilities


You were on level 1 of the Dungeon.
You visited 1 branch of the dungeon, and saw 1 of its levels.

Inventory:

Hand Weapons
 a - a +0 spear (weapon)
Armour
 b - a +0 leather armour (worn)


   Skills:
 + Level 2.1 Fighting
 - Level 2.6 Polearms
 + Level 0.4 Armour
 - Level 1.7 Dodging
 + Level 2.1 Spellcasting
 + Level 3.1 Conjurations


You had 3 spell levels left.
You knew the following spells:

 Your Spells              Type           Power      Damage    Failure   Level
a - Kiss of Death         Conj/Necr      20%        2d7       16%         1

Your spell library contained the following spells:

 Spells                   Type           Power      Damage    Failure   Level
 Momentum Strike          Conj/Tloc      10%        3d8       24%         2
 Hailstorm                Conj/Ice       5%         3d4       43%         3


Dungeon Overview and Level Annotations

Branches:
Dungeon (1/15)

Altars:


Message History

An endoplasm is nearby!
You hit the endoplasm.
The endoplasm is almost dead.
The endoplasm hits you.
An endoplasm is nearby!
You hit the endoplasm.
You kill the endoplasm!
HP restored.
A goblin comes into view. It is wielding a +0 dagger of venom.
The goblin shouts!
A goblin is nearby!
A dart slug comes into view.
There are monsters nearby!
You reach to attack!
You miss the goblin. The dart slug launches a dart at you.
The slug dart misses you.
There are monsters nearby!
You closely miss the goblin. The goblin hits you but does no damage.
You are poisoned.
There are monsters nearby!
You barely miss the goblin.
You feel sick. The goblin hits you but does no damage.
You are more poisoned.
There are monsters nearby!
You closely miss the goblin.
You feel very sick.
The goblin hits you with a +0 dagger of venom.
You are lethally poisoned!
A kobold opens the door.
There is a lethal amount of poison in your body!
You closely miss the goblin.
You feel very sick.
The kobold shouts!
The goblin barely misses you.
You aren't carrying any potions.
You hit the goblin but do no damage.
* * * LOW HITPOINT WARNING * * *
You feel very sick.
The goblin hits you with a +0 dagger of venom.
You die...

......#######
...........#
.w........##
...).....'.
.......K# ###+
#++.......+
.....#.#.g.....#
.....#...@..#...
.................
..........#.#.###
#......†#...# #
#.##.##.#####.#
.#...........#
#>.......######
###..........#
+.....######.##


You could see a dart slug, a goblin and a kobold.

Vanquished Creatures
  A dart slug (D:1)
  A ball python (D:1)
  2 endoplasms (D:1)
  A rat (D:1)
5 creatures vanquished.

Notes
Turn   | Place    | Note
-------+----------+-------------------------------------------
     0 | D:1      | Shayle the Demonspawn Reaver began the quest for the Orb.
     0 | D:1      | Reached XP level 1. HP: 16/16 MP: 3/3
    50 | D:1      | Slain by a goblin

Illustrated notes

Levels and vault maps discovered:
D:1:      wander_arrival_fairy_ring, layout_basic, hex_intersection

Action                     || total
---------------------------++-------
  Melee: Spear             ||    15
   Stab: Sleeping          ||     1
 Armour: Leather armour    ||     5
  Dodge: Dodged            ||     3

Table legend: (Time is in decaauts)
 A = Elapsed time spent in this place.
 B = Non-inter-level travel time spent in this place.
 C = Inter-level travel time spent in this place.
 D = Time resting spent in this place.
 E = Time spent auto-exploring this place.
 F = Levels seen in this place.
 G = Mean time per level.
                   A        B        C        D        E       F      G
               +--------+--------+--------+--------+--------+-----+--------+
         Total |     49 |     49 |      0 |      0 |     22 |   1 |   49.0 |
       Dungeon |     49 |     49 |      0 |      0 |     22 |   1 |   49.0 |
               +--------+--------+--------+--------+--------+-----+--------+

Top non-repeatable levels by time:
     D:1: 49 daAuts
